 Dungeon Sprint DCSS version 0.17-a0-2122-g03d97ec (webtiles) character file.

10806 Kidiri the Unseen (level 11, -5/42 HPs)
             Began as a Spriggan Enchanter on Oct 21, 2015.
             Was the Champion of Dithmenos.
             Killed from afar by an ice dragon (47 damage)
             ... with a blast of cold
             ... in the Dungeon (Sprint III: "The Ten Rune Challenge").
             The game lasted 00:12:24 (2336 turns).

Kidiri the Unseen (Spriggan Enchanter)              Turns: 2336, Time: 00:12:26

Health: -5/42      AC:  8    Str:  4    XL:     11   Next: 41%
Magic:  24/29      EV: 32    Int: 19    God:    Dithmenos [******]
Gold:   54         SH:  0    Dex: 18    Spells: 8 memorised, 8 levels left

rFire  . . .     SeeInvis +     a - +1 dagger
rCold  . . .     Clarity  .     m - +2 robe {rN+}
rNeg   + . .     SustAt   .     (shield restricted)
rPois  .         Gourm    .     (helmet restricted)
rElec  .         Spirit   .     l - +2 cloak
rCorr  .         Warding  .     (gloves unavailable)
rMut   .         NoTele   +     (boots unavailable)
MR     +....                    (no amulet)
Stlth  ++++++++++               (no ring)
                                (no ring)

@: wreathed by umbra, very quick, somewhat resistant to hostile enchantments,
uncannily stealthy
A: unfitting armour, icy blue scales 1, see invisible, blink, herbivore 3, speed
3, frail 1, slow regeneration 1, slow metabolism 2
a: Blink, Shadow Step, Shadow Form, Renounce Religion


You were in the Dungeon.
You worshipped Dithmenos.
Dithmenos was exalted by your worship.
You were not hungry.

You visited 1 branch You collected 54 gold pieces.

Inventory:

Hand Weapons
 a - a +1 dagger (weapon)
Missiles
 b - 11 throwing nets (quivered)
Armour
 l - a +2 cloak (worn)
 m - a +2 robe of positive energy (worn)
Scrolls
 j - a scroll of blinking
 o - a scroll of holy word
 s - a scroll of remove curse
Potions
 f - 2 potions of heal wounds
 g - a potion of haste
 h - 2 potions of magic
 k - a potion of berserk rage
 p - a potion of cure mutation
 q - 2 potions of flight
 t - 3 potions of might
 u - a potion of brilliance
Books
 i - a book of the Tempests

   Spells                             Type                      Level
   a - Static Discharge               Conjuration/Air              3
   b - Lightning Bolt                 Conjuration/Air              5
   c - Fireball                       Conjuration/Fire             5
   d - Tornado                        Air                          9
   e - Shatter                        Earth                        9
Comestibles
 c - 18 royal jellies
 d - 2 bread rations
 n - 6 fruits


   Skills:
 * Level 12.6 Short Blades
 * Level 15.9 Dodging
 * Level 17.3 Stealth
 * Level 13.8 Spellcasting
 + Level 6.0 Conjurations
 + Level 10.7 Hexes
 + Level 6.4 Ice Magic
 + Level 6.3 Air Magic
 + Level 6.9 Invocations


You had 8 spell levels left.
You knew the following spells:

 Your Spells              Type           Power        Failure   Level  Hunger
a - Corona                Hex            ######.      1%          1    None
b - Ensorcelled Hibernat  Hex/Ice        #####.       1%          2    None
c - Confuse               Hex            ######..     1%          3    None
d - Tukima's Dance        Hex            ######..     1%          3    None
e - Dazzling Spray        Conj/Hex       #####...     1%          3    None
f - Static Discharge      Conj/Air       #####...     1%          3    None
g - Lightning Bolt        Conj/Air       #####.....   12%         5    ####...
h - Shatter               Erth           ##........   100%        9    #######


Dungeon Overview and Level Annotations

Branches:
Dungeon (1/1)

Altars:
Cheibriados
Dithmenos
Elyvilon
Fedhas
Gozag
Kikubaaqudgha
Makhleb
Nemelex Xobeh
Okawaru
Qazlal
Ru
Sif Muna
Trog
Vehumet
Xom
Yredelemnul
Zin
The Shining One
Jiyva
Lugonu


Innate Abilities, Weirdness & Mutations

You are tiny and cannot use many weapons and most armour.
You have supernaturally acute eyesight.
You are a herbivore.
You cover ground extremely quickly.
You need consume almost no food.
You are partially covered in icy blue scales (AC +1).
You can translocate small distances at will.
You are frail (-10% HP).
You regenerate slowly when monsters are visible.


Message History

Unknown command.
Casting: Ensorcelled Hibernation
Confirm with . or Enter, or press ? or * to list all spells.
Aiming: Confuse
Press: ? - help, Shift-Dir - straight line, f - ice dragon
Aim: an ice dragon (lightly wounded, hasn't noticed you, umbra, chance to defeat MR: 56%)
The ice dragon resists with significant effort.
You start resting.
Casting: Confuse
Confirm with . or Enter, or press ? or * to list all spells.
Aiming: Confuse
Press: ? - help, Shift-Dir - straight line, f/p - ice dragon
Aim: an ice dragon (lightly wounded, umbra, chance to defeat MR: 56%)
The ice dragon resists with significant effort.
Your shadow mimicks your spell!
The ice dragon easily resists.
The ice dragon breathes frost at you. The blast of cold hits you!
Ouch! That really hurt!
You die...

♣♣.##%##.##'≈≈≈≈≈####+#
♣..#.##...#≈≈..§§§§§§#
♣♣.##.##.)#≈..+#######
♣♣.##.#####...#....))#
♣.....##%.....#♣♣♣._)#
########'###### #####
#.♣♣ #♣.♣ ♣@♣♣ ♣♣D♣
♣.♣♣ ♣.♣ ♣D. ♣♣≈♣ ♣D .♣
D≈


You could see an ice dragon.

Vanquished Creatures
  Maud (D)
  Erolcha (D)
  2 hydras (D)
  A death drake (D)
  A spriggan druid (D)
  A lindwurm (D)
  2 spiny frogs (D)
  A komodo dragon (D)
  A deep elf priest (D)
  3 wandering mushrooms (D)
  A queen bee (D)
  2 trapdoor spiders (D)
  4 redbacks (D)
  A shadow (D)
  A spatial vortex (D)
  2 spriggans (D)
  2 hill giants (D)
  A necrophage (D)
  2 brain worms (D)
  3 two-headed ogres (D)
  A water elemental (D)
  32 killer bees (D)
  An electric eel (D)
  Crazy Yiuf (D)
  A jelly (D)
  A wizard (D)
  A necromancer (D)
  A kobold demonologist (D)
  3 humans (D)
  2 oozes (D)
  2 rats (D)
79 creatures vanquished.

Vanquished Creatures (others)
  2 draconian scorchers (D)
  3 yaktaurs (D)
  A plant (D)
6 creatures vanquished.

Grand Total: 85 creatures vanquished

Notes
Turn   | Place    | Note
--------------------------------------------------------------
     0 | D        | Kidiri the Spriggan Enchanter began the quest for the Orb.
     0 | D        | Reached XP level 1. HP: 9/9 MP: 5/5
     9 | D        | Reached skill level 5 in Stealth
    11 | D        | Reached XP level 2. HP: 13/13 MP: 5/7
    15 | D        | Learned a level 2 spell: Ensorcelled Hibernation
    30 | D        | Killed a yaktaur
    52 | D        | Killed a yaktaur
    71 | D        | Noticed Crazy Yiuf
    74 | D        | Killed Crazy Yiuf
    74 | D        | Reached skill level 5 in Dodging
    74 | D        | Reached skill level 6 in Stealth
    74 | D        | Reached skill level 1 in Ice Magic
    74 | D        | Reached XP level 3. HP: 16/16 MP: 7/9
    98 | D        | Learned a level 3 spell: Confuse
   102 | D        | Learned a level 3 spell: Dazzling Spray
   224 | D        | Killed a white draconian scorcher
   274 | D        | Killed a white draconian scorcher
   292 | D        | Gained mutation: Your magical capacity is low (-10% MP). [potion of mutation]
   292 | D        | Gained mutation: You regenerate slowly when monsters are visible. [potion of mutation]
   293 | D        | Lost mutation: Your magical capacity is low (-10% MP). [potion of cure mutation]
   294 | D        | Gained mutation: You can translocate small distances at will. [potion of mutation]
   294 | D        | Gained mutation: You are frail (-10% HP). [potion of mutation]
   294 | D        | Gained mutation: You are partially covered in icy blue scales (AC +1). [potion of mutation]
   302 | D        | Noticed a water elemental
   319 | D        | Killed a water elemental
   319 | D        | Reached skill level 7 in Stealth
   319 | D        | Reached skill level 5 in Spellcasting
   319 | D        | Reached skill level 1 in Conjurations
   319 | D        | Reached skill level 5 in Hexes
   319 | D        | Reached XP level 4. HP: 18/18 MP: 2/12
   392 | D        | Learned a level 3 spell: Tukima's Dance
   416 | D        | Noticed a jelly
   417 | D        | Noticed a shadow
   419 | D        | Killed a shadow
   419 | D        | Reached skill level 8 in Dodging
   419 | D        | Reached skill level 9 in Stealth
   419 | D        | Reached XP level 5. HP: 21/21 MP: 12/15
   419 | D        | Reached XP level 6. HP: 25/25 MP: 13/17
   423 | D        | Killed a jelly
   449 | D        | Found a stormy altar of Qazlal.
   450 | D        | Found a sacrificial altar of Ru.
   450 | D        | Found a burning altar of Makhleb.
   450 | D        | Found a viscous altar of Jiyva.
   450 | D        | Found a shimmering altar of Xom.
   450 | D        | Found a shadowy altar of Dithmenos.
   450 | D        | Found a sparkling altar of Nemelex Xobeh.
   450 | D        | Found a corrupted altar of Lugonu.
   450 | D        | Found an opulent altar of Gozag.
   450 | D        | Noticed a spatial vortex
   454 | D        | Became a worshipper of Dithmenos the Shadowed
   469 | D        | Killed a spatial vortex
   469 | D        | Reached skill level 10 in Stealth
   469 | D        | Reached skill level 1 in Invocations
   503 | D        | Killed a yaktaur
   587 | D        | Found a radiant altar of Vehumet.
   588 | D        | Found a deep blue altar of Sif Muna.
   588 | D        | Found an ancient bone altar of Kikubaaqudgha.
   588 | D        | Noticed a wizard
   589 | D        | Killed a wizard
   591 | D        | Reached * piety under Dithmenos
   604 | D        | Learned a level 3 spell: Static Discharge
   610 | D        | Learned a level 5 spell: Lightning Bolt
   620 | D        | Found a glowing silver altar of Zin.
   621 | D        | Found a glowing golden altar of the Shining One.
   621 | D        | Found a white marble altar of Elyvilon.
   621 | D        | Noticed a deep elf priest
   623 | D        | Killed a deep elf priest
   623 | D        | Reached skill level 10 in Dodging
   623 | D        | Reached skill level 11 in Stealth
   623 | D        | Reached skill level 1 in Air Magic
   623 | D        | Reached XP level 7. HP: 28/28 MP: 20/20
   632 | D        | Found an iron altar of Okawaru.
   633 | D        | Found a bloodstained altar of Trog.
   633 | D        | Noticed a human
   633 | D        | Noticed a human
   637 | D        | Killed a human
   640 | D        | Killed a human
   683 | D        | Found a snail-covered altar of Cheibriados.
   683 | D        | Noticed a necrophage
   684 | D        | Found a basalt altar of Yredelemnul.
   684 | D        | Found a blossoming altar of Fedhas.
   684 | D        | Noticed a necromancer
   685 | D        | Killed a necrophage
   685 | D        | Reached ** piety under Dithmenos
   685 | D        | Reached XP level 8. HP: 32/32 MP: 22/22
   686 | D        | Killed a necromancer
   804 | D        | Noticed a two-headed ogre
   804 | D        | Noticed a two-headed ogre
   808 | D        | Killed a two-headed ogre
   810 | D        | Killed a two-headed ogre
   810 | D        | Reached skill level 12 in Stealth
   813 | D        | Noticed a two-headed ogre
   814 | D        | Killed a two-headed ogre
   819 | D        | Noticed a hill giant
   822 | D        | Killed a hill giant
   822 | D        | Reached *** piety under Dithmenos
   875 | D        | Noticed a hill giant
   875 | D        | Noticed Erolcha
   877 | D        | Killed Erolcha
   877 | D        | Reached skill level 13 in Stealth
   877 | D        | Reached skill level 10 in Spellcasting
   877 | D        | Reached XP level 9. HP: 35/35 MP: 22/24
   878 | D        | Killed a hill giant
   896 | D        | Noticed a redback
   900 | D        | Killed a redback
   900 | D        | Reached **** piety under Dithmenos
   918 | D        | Noticed a trapdoor spider
   920 | D        | Killed a trapdoor spider
   955 | D        | Noticed a trapdoor spider
   960 | D        | Killed a trapdoor spider
   960 | D        | Reached skill level 5 in Ice Magic
  1002 | D        | Learned a level 9 spell: Shatter
  1002 | D        | Noticed a queen bee
  1002 | D        | Noticed a killer bee
  1002 | D        | Noticed a killer bee
  1003 | D        | Noticed a killer bee
  1003 | D        | Noticed a killer bee
  1003 | D        | Noticed a killer bee
  1003 | D        | Noticed a killer bee
  1003 | D        | Noticed a killer bee
  1003 | D        | Noticed a killer bee
  1003 | D        | Noticed a killer bee
  1003 | D        | Noticed a killer bee
  1003 | D        | Noticed a killer bee
  1003 | D        | Noticed a killer bee
  1003 | D        | Noticed a killer bee
  1003 | D        | Noticed a killer bee
  1003 | D        | Noticed a killer bee
  1003 | D        | Noticed a killer bee
  1003 | D        | Noticed a killer bee
  1003 | D        | Noticed a killer bee
  1003 | D        | Noticed a killer bee
  1003 | D        | Noticed a killer bee
  1003 | D        | Noticed a killer bee
  1003 | D        | Noticed a killer bee
  1003 | D        | Noticed a killer bee
  1003 | D        | Noticed a killer bee
  1003 | D        | Noticed a killer bee
  1003 | D        | Noticed a killer bee
  1003 | D        | Noticed a killer bee
  1003 | D        | Noticed a killer bee
  1003 | D        | Noticed a killer bee
  1003 | D        | Noticed a killer bee
  1003 | D        | Noticed a killer bee
  1003 | D        | Noticed a killer bee
  1004 | D        | Killed a queen bee
  1004 | D        | Reached skill level 10 in Short Blades
  1004 | D        | Reached skill level 14 in Stealth
  1005 | D        | Killed a killer bee
  1008 | D        | Killed a killer bee
  1010 | D        | Killed a killer bee
  1010 | D        | Reached ***** piety under Dithmenos
  1010 | D        | Killed a killer bee
  1011 | D        | Killed a killer bee
  1012 | D        | Killed a killer bee
  1236 | D        | Killed a killer bee
  1236 | D        | Reached skill level 5 in Invocations
  1240 | D        | Killed a killer bee
  1241 | D        | Killed a killer bee
  1244 | D        | Killed a killer bee
  1246 | D        | Killed a killer bee
  1406 | D        | Killed a killer bee
  1408 | D        | Killed a killer bee
  1408 | D        | Killed a killer bee
  1408 | D        | Killed a killer bee
  1409 | D        | Killed a killer bee
  1409 | D        | Killed a killer bee
  1409 | D        | Killed a killer bee
  1409 | D        | Killed a killer bee
  1409 | D        | Reached ****** piety under Dithmenos
  1543 | D        | Killed a killer bee
  1548 | D        | Killed a killer bee
  1551 | D        | Killed a killer bee
  1551 | D        | Reached XP level 10. HP: 30/39 MP: 1/26
  1697 | D        | Killed a killer bee
  1698 | D        | Killed a killer bee
  1700 | D        | Killed a killer bee
  1701 | D        | Killed a killer bee
  1701 | D        | Killed a killer bee
  1717 | D        | Killed a killer bee
  1720 | D        | Killed a killer bee
  1722 | D        | Killed a killer bee
  1724 | D        | Killed a killer bee
  1726 | D        | Killed a killer bee
  1726 | D        | Reached skill level 15 in Stealth
  1909 | D        | Noticed a wandering mushroom
  1910 | D        | Noticed a wandering mushroom
  1910 | D        | Noticed a wandering mushroom
  1912 | D        | Killed a wandering mushroom
  1914 | D        | Killed a wandering mushroom
  1915 | D        | Killed a wandering mushroom
  1915 | D        | Reached skill level 5 in Air Magic
  1962 | D        | Noticed a spiny frog
  1962 | D        | Noticed a komodo dragon
  1962 | D        | Noticed a spiny frog
  1965 | D        | Killed a spiny frog
  1965 | D        | Reached skill level 5 in Conjurations
  1967 | D        | Killed a spiny frog
  1968 | D        | Killed a komodo dragon
  1976 | D        | Noticed a redback
  1978 | D        | Killed a redback
  1979 | D        | Noticed a brain worm
  1983 | D        | Killed a brain worm
  1988 | D        | Noticed a brain worm
  1990 | D        | Killed a brain worm
  1993 | D        | Noticed a lindwurm
  1996 | D        | Noticed a redback
  1997 | D        | Killed a lindwurm
  1997 | D        | Reached skill level 16 in Stealth
  1997 | D        | Reached skill level 10 in Hexes
  2003 | D        | Killed a redback
  2024 | D        | Noticed a redback
  2030 | D        | Killed a redback
  2195 | D        | Noticed Maud
  2197 | D        | Killed Maud
  2197 | D        | Reached skill level 15 in Dodging
  2197 | D        | Reached XP level 11. HP: 42/42 MP: 27/29
  2208 | D        | Noticed an electric eel
  2209 | D        | Noticed an eight-headed hydra
  2209 | D        | Noticed an eight-headed hydra
  2211 | D        | Killed an electric eel
  2213 | D        | Killed an eight-headed hydra
  2214 | D        | Killed an eight-headed hydra
  2261 | D        | Noticed a death drake
  2264 | D        | Killed a death drake
  2264 | D        | Reached skill level 17 in Stealth
  2274 | D        | Found a blossoming altar of Fedhas.
  2274 | D        | Noticed a spriggan
  2274 | D        | Noticed a spriggan druid
  2274 | D        | Noticed a spriggan
  2276 | D        | Killed a spriggan druid
  2277 | D        | Killed a spriggan
  2278 | D        | Killed a spriggan
  2308 | D        | Noticed an ice dragon
  2308 | D        | Noticed an ice dragon
  2336 | D        | Killed from afar by an ice dragon

Vault maps used:
D:        dungeon_sprint_mu

Action                   |  1- 3 |  4- 6 |  7- 9 | 10-12 || total
-------------------------+-------+-------+-------+-------++-------
Melee: Dagger            |    10 |    13 |    27 |    30 ||    80
 Cast: Ensorcelled Hiber |     4 |       |    16 |    13 ||    33
       Dazzling Spray    |     3 |     6 |     2 |     5 ||    16
       Confuse           |       |       |     1 |     3 ||     4
       Static Discharge  |       |       |     9 |       ||     9
       Lightning Bolt    |       |       |     3 |       ||     3
Invok: Shadow Step       |       |       |     3 |     5 ||     8
  Use: Scroll            |     5 |       |       |       ||     5
       Potion            |     4 |       |       |     1 ||     5
 Stab: Sleeping          |     6 |     5 |    21 |    25 ||    57
       Confused          |       |       |     1 |       ||     1
  Eat: Royal jelly       |       |       |     1 |       ||     1
